 Dungeon Crawl Stone Soup version 0.29-a0-994-gc5c9f59d18 (webtiles) character file.

Game seed: 9627552160706387317

2845 Pooter the Fighter (level 9, -1/82 HPs)
             Began as a Minotaur Berserker on Aug 2, 2022.
             Was a Priest of Trog.
             Slain by an orc knight
             ... wielding a +0 broad axe
              (20 damage)
             ... in a bailey on Aug 3, 2022.
             The game lasted 00:35:07 (7154 turns).

Pooter the Fighter (Minotaur Berserker)             Turns: 7154, Time: 00:35:08

Health: -1/82      AC: 13    Str: 24    XL:     9   Next: 46%
Magic:  0/8        EV:  7    Int:  6    God:    Trog [***...]
Gold:   560        SH:  0    Dex: 10    Spells: 8/8 levels left

rFire   . . .      SeeInvis +   a - +10 quarterstaff "Yphor" {speed, SInv}
rCold   . . .      Faith    .   (shield currently unavailable)
rNeg    . . .      Spirit   +   E - +0 plate armour
rPois   .          Reflect  .   (helmet restricted)
rElec   .          Harm     .   B - +0 cloak {Stlth+}
rCorr   .          Rampage  .   (no gloves)
Will    .....                   y - +0 pair of boots
Stlth   ..........              G - amulet of guardian spirit
HPRegen 0.23/turn               (no ring)
MPRegen 0.11/turn               (no ring)

@: mighty, on berserk cooldown, slowed, very slow
A: horns 2, retaliatory headbutt
a: Renounce Religion, Berserk, Trog's Hand


You were in a bailey.
You worshipped Trog.
Trog was most pleased with you.
You visited 1 branch of the dungeon, and saw 7 of its levels.
You also visited: Bailey.

You collected 560 gold pieces.

Inventory:

Hand Weapons
 a - the +10 quarterstaff "Yphor" (weapon) {speed, SInv}
   (You found it on level 6 of the Dungeon)

   Attacks with this weapon are significantly faster.
   SInv:      It lets you see invisible.
 b - a +0 shortbow
   (You took it off a centaur on level 5 of the Dungeon)
 e - a +3 vorpal morningstar
   (You took it off Maggie on level 7 of the Dungeon)
 f - a +0 sling
   (You found it on level 1 of the Dungeon)
 h - a +0 halberd
   (You took it off a gnoll on level 3 of the Dungeon)
 A - a +0 war axe
   (You found it on level 3 of the Dungeon)
Missiles
 c - 12 poisoned darts
 d - a throwing net {!f}
 j - 3 curare-tipped darts
 r - 21 boomerangs (quivered)
 Q - 63 stones
Armour
 p - the +1 ring mail of Xeziv {rN+}
   (You found it on level 3 of the Dungeon)

   rN:        It protects you from negative energy.
 y - a +0 pair of boots (worn)
   (You found it on level 5 of the Dungeon)
 B - a +0 cloak of stealth (worn)
   (You found it on level 6 of the Dungeon)
 E - a +0 plate armour (worn)
   (You found it on level 6 of the Dungeon)
Jewellery
 k - a ring of ice
   (You found it on level 2 of the Dungeon)
 w - a ring of magical power
   (You found it on level 4 of the Dungeon)
 G - an amulet of guardian spirit (around neck)
   (You found it on level 5 of the Dungeon)
Scrolls
 g - a scroll of butterflies
 i - a scroll of summoning {unknown}
 t - 3 scrolls of teleportation {@r4}
 v - a scroll of brand weapon {unknown}
 x - 3 scrolls of blinking
 C - a scroll of vulnerability {unknown}
Potions
 m - a potion of resistance {unknown}
 n - a potion of lignification {unknown}
 o - 3 potions of curing {@q1}
 q - a potion of mutation {unknown}
 u - a potion of ambrosia {unknown}
 z - 2 potions of haste {unknown}
 D - a potion of flight {unknown}


   Skills:
 + Level 8.8 Fighting
 - Level 8.7 Axes
 * Level 7.8 Staves
 - Level 6.7 Ranged Weapons
 - Level 2.4 Armour
 - Level 2.1 Dodging


You had 8 spell levels left.
You didn't know any spells.
Your spell library was empty.

Dungeon Overview and Level Annotations

Branches:
Dungeon (7/15)             Temple (0/1) D:6          Bailey (1/1)

Altars:
Ashenzari
Fedhas
Xom


Innate Abilities, Weirdness & Mutations

You have a pair of horns on your head.
You reflexively headbutt those who attack you in melee.


Message History

* * * LOW HITPOINT WARNING * * *
You closely miss the orc warrior. Your headbutt misses the orc warrior.
The orc warrior hits you with a +0 broad axe.
* * * LOW HITPOINT WARNING * * *
A red film seems to cover your vision as you go berserk!
You feel yourself moving faster!
You feel mighty!
You can no longer call in reinforcements.
The orc warrior hits you with a +0 broad axe!
* * * LOW MAGIC WARNING * * *
* * * LOW HITPOINT WARNING * * *
You sock the orc warrior!
You kill the orc warrior!
Trog accepts your kill.
You start resting.
You feel a strong urge to attack something.
You start resting.
You feel your anger nearly subside.
You are no longer berserk.
You are exhausted.
You feel yourself slow down.
You start resting.
You feel the effects of Trog's Hand fading.
An orc knight comes into view. It is wielding a +0 broad axe.
You start resting.
Your skin stops crawling.
You feel less strong-willed.
You start resting.
An orc knight is nearby!
You feel very mighty all of a sudden.
The orc knight hits you with a +0 broad axe!!
* * * LOW MAGIC WARNING * * *
* * * LOW HITPOINT WARNING * * *
You sock the orc knight!
The orc knight hits you with a +0 broad axe.
* * * LOW HITPOINT WARNING * * *
You closely miss the orc knight.
The orc knight hits you with a +0 broad axe.
* * * LOW HITPOINT WARNING * * *
You feel much better. The orc knight closely misses you.
You furiously retaliate!
You headbutt the orc knight!
The orc knight hits you with a +0 broad axe!
* * * LOW MAGIC WARNING * * *
* * * LOW HITPOINT WARNING * * *
You sock the orc knight!
The orc knight hits you with a +0 broad axe!
* * * LOW MAGIC WARNING * * *
* * * LOW HITPOINT WARNING * * *
You sock the orc knight! Your headbutt misses the orc knight.
You sock the orc knight!
The orc knight hits you with a +0 broad axe!!
* * * LOW MAGIC WARNING * * *
You die...

♣♣♣∩♣♣♣ #### ♣.....♣♣♣
##...## ........#
##.....##.......#
##...8...##~~~~~#
##........@#~~~~~#
#.........o#~~~~~#..
♣≈≈#..8..8....).(...'..
♣≈≈#........#########..
♣≈≈##......##~~~#~
♣...##.....#~=....
♣....##....#~!....
♣♣.....#....##8.8..
♣......'..)..#o....


You could see an orc knight.

Vanquished Creatures
  Maggie (D:7)
  A hornet (D:7)
  A shadow (D:5)
  2 orc warriors (Bailey)
  An ice beast (D:4)
  2 black bears
  2 ogres
  3 centaurs
  3 phantoms
  2 bullfrogs (D:6)
  A necrophage (D:6)
  3 scorpions
  3 hounds
  5 orc priests
  3 orc wizards
  4 iguanas
  Robin (D:3)
  9 gnolls
  5 adders
  A shadow imp (D:6)
  2 white imps
  An ufetubus (D:5)
  2 worms
  A dart slug (D:4)
  15 orcs
  5 endoplasms
  2 giant cockroaches
  42 goblins
  33 hobgoblins
  7 jackals
  A quokka (D:5)
  2 ball pythons
  9 bats
  2 frilled lizards
  19 kobolds
  2 rats (D:2)
198 creatures vanquished.

Vanquished Creatures (others)
  An orc wizard (D:5)
  9 plants (D:2)
10 creatures vanquished.

Grand Total: 208 creatures vanquished

Notes
Turn   | Place    | Note
-------+----------+-------------------------------------------
     0 | D:1      | Pooter the Minotaur Berserker began the quest for the Orb.
     0 | D:1      | Reached XP level 1. HP: 19/19 MP: 0/0
    65 | D:1      | Found a faded altar of an unknown god.
   127 | D:1      | Reached XP level 2. HP: 4/27 MP: 1/1
   740 | D:2      | Reached skill level 1 in Ranged Weapons
   740 | D:2      | Reached XP level 3. HP: 25/33 MP: 2/2
  1614 | D:3      | Noticed Robin
  1620 | D:3      | Reached XP level 4. HP: 40/40 MP: 3/3
  1627 | D:3      | Killed Robin
  1628 | D:3      | Reached skill level 5 in Axes
  1628 | D:3      | Reached ** piety under Trog
  2124 | D:3      | Identified the +1 ring mail of Xeziv {rN+}
  2215 | D:3      | Reached XP level 5. HP: 47/47 MP: 4/4
  2997 | D:3      | Reached *** piety under Trog
  3239 | D:3      | Found a shimmering altar of Xom.
  3401 | D:4      | Reached skill level 5 in Fighting
  3401 | D:4      | Reached XP level 6. HP: 56/56 MP: 5/5
  3798 | D:4      | Reached XP level 7. HP: 50/61 MP: 6/6
  4475 | D:4      | Reached skill level 5 in Ranged Weapons
  4654 | D:4      | Identified the +1 robe of Prudence {Rampage rCorr}
  4807 | D:5      | Entered Level 5 of the Dungeon
  5226 | D:5      | Found a broken altar of Ashenzari.
  5236 | D:5      | Found a blossoming altar of Fedhas.
  5262 | D:5      | Noticed a shadow
  5268 | D:5      | Killed a shadow
  5269 | D:5      | Reached XP level 8. HP: 44/70 MP: 7/7
  6117 | D:6      | Identified the +10 quarterstaff "Yphor" {speed, SInv}
  6146 | D:6      | Reached skill level 1 in Staves
  6165 | D:6      | Upgraded the game from 0.29-a0-993-g4a18f31a58 to
                  | 0.29-a0-994-gc5c9f59d18
  6485 | D:6      | Reached skill level 5 in Staves
  6555 | D:6      | Reached XP level 9. HP: 80/80 MP: 8/8
  6637 | D:6      | Found a staircase to the Ecumenical Temple.
  6641 | D:6      | Reached **** piety under Trog
  6834 | D:7      | Noticed Maggie
  6850 | D:7      | Killed Maggie
  6867 | D:7      | Found a flagged portal.
  6904 | Bailey   | Entered a bailey
  6909 | Bailey   | Noticed an orc warlord
  7142 | Bailey   | Noticed an orc knight
  7154 | Bailey   | Slain by an orc knight

Illustrated notes

Levels and vault maps discovered:
D:1:      saegor_arrival_simple_a, layout_rooms,
          hellmonk_ecumenical_altar_lost_god
D:2:      layout_rooms, serial_bayou, serial_bayou_pond_c, serial_bayou_lake_a,
          serial_bayou_pond_b, serial_bayou_ford_a, hangedman_decor_growths,
          minmay_strange_pillars
D:3:      minmay_goblin_kobold_castle, layout_basic, lemuel_tele_altar,
          uniq_robin
D:4:      layout_basic, nrook_mini_vaults, mrwooster_statue_mirror
D:5:      layout_rooms, jmf_multi_god_temple, minivault_27
D:6:      layout_basic, minmay_temple_entry_overgrown
D:7:      layout_basic, kennysheep_slug_shrine, enter_bailey_5, serial_aquarium,
          aquarium_bridge_square [aquarium_subvault_bridge,
          aquarium_subvault_balcony, aquarium_subvault_window,
          aquarium_subvault_bridge], aquarium_window_2, aquarium_window_1,
          aquarium_window_1, aquarium_view_2e, aquarium_view_2e,
          aquarium_pool_four, uniq_crazy_yiuf_cottage, uniq_maggie
Bailey:   bailey_axe_bossmonster_kennysheep, bailey

Skill      XL: |  1  2  3  4  5  6  7  8  9 |
---------------+----------------------------+-----
Axes           | 4 5 6 8 |  8.7
Fighting       | 4 5 6 7 8 |  8.8
Ranged Weapons | 1 2 3 4 6 |  6.7
Staves         | 5 7 |  7.8
Armour         | |  2.4
Dodging        | |  2.1

Action                   |  1- 3 |  4- 6 |  7- 9 || total
-------------------------+-------+-------+-------++-------
Melee: Hand axe          |    66 |    12 |       ||    78
       Headbutt          |     5 |    26 |    34 ||    65
       Spear             |       |    58 |       ||    58
       Halberd           |       |    57 |       ||    57
       War axe           |       |    39 |    83 ||   122
       Quarterstaff      |       |       |    96 ||    96
 Fire: Sling             |     2 |    18 |     9 ||    29
       Shortbow          |       |       |    54 ||    54
Throw: Dart              |    11 |     8 |     1 ||    20
       Boomerang         |       |       |     2 ||     2
Invok: Berserk           |     4 |     3 |     4 ||    11
       Trog's Hand       |       |       |     6 ||     6
  Use: Scroll            |     4 |     1 |     3 ||     8
       Potion            |       |       |     2 ||     2
Armor: Animal skin       |     5 |       |       ||     5
       Ring mail         |    24 |    66 |     6 ||    96
       Chain mail        |       |       |    50 ||    50
       Plate armour      |       |       |    42 ||    42
Dodge: Dodged            |    47 |   103 |    64 ||   214

Table legend: (Time is in decaauts)
 A = Elapsed time spent in this place.
 B = Non-inter-level travel time spent in this place.
 C = Inter-level travel time spent in this place.
 D = Time resting spent in this place.
 E = Time spent auto-exploring this place.
 F = Levels seen in this place.
 G = Mean time per level.
                   A        B        C        D        E       F      G
               +--------+--------+--------+--------+--------+-----+--------+
         Total |   7319 |   7073 |    246 |   1999 |   3655 |   8 |  914.9 |
       Dungeon |   7066 |   6820 |    246 |   1859 |   3645 |   7 | 1009.4 |
        Bailey |    253 |    253 |      0 |    140 |     10 |   1 |  253.0 |
               +--------+--------+--------+--------+--------+-----+--------+

Top non-repeatable levels by time:
     D:3: 1878 daAuts
     D:4: 1700 daAuts
     D:5: 1077 daAuts
     D:2: 942 daAuts
     D:1: 684 daAuts
     D:6: 598 daAuts
  Bailey: 253 daAuts
     D:7: 184 daAuts
